Map: Fields of Death

Players

oGsBadplayer

  • Race: Zerg Zerg

uelee

  • Race: Terran Terran
  • League: Gold

Carbon - Winner!

  • Race: Terran Terran
  • League: Platinum

Grumm - Winner!

  • Race: Zerg Zerg
  • League: Gold

VOD

Have the link to the VOD?

Description

Time

  • Played on: Jan. 10, 2016, 3:26 a.m.
  • Length: 6:42
Show
View Real Time Build Order
Export as new Build Order

oGsBadplayer Zerg 

Build Orders: Hatch First 

Get SALT Encoding   

  12  0:01  Drone  
  13  0:12  Overlord  
  13  0:17  Drone  
  14  0:30  Drone x2  
  14  0:35  Drone  
  17  0:53  Hatchery  
  17  0:56  Drone  
  17  1:00  Drone  
  18  1:06  Drone  
  18  1:08  Extractor  
  18  1:17  Overlord  
  18  1:26  Extractor  
  18  1:29  Drone  
  18  1:37  Spawning Pool  
  18  1:39  Drone  
  18  1:49  Drone  
  19  1:57  Extractor  
  18  2:02  Drone  
  18  2:05  Drone  
  20  2:16  Overlord  
  20  2:19  Drone  
  21  2:25  Queen  
  21  2:27  Queen  
  25  2:41  Drone x2  
  27  2:50  Drone x3  
  30  2:58  Drone  
  31  3:03  Lair  
  31  3:13  Drone  
  31  3:14  Drone  
  33  3:22  Drone  
  33  3:23  Extractor  
  33  3:28  Drone x3  
  36  3:42  Drone x3  
  36  3:43  Drone x3  
  36  3:47  Drone  
  43  3:51  Overlord  
  43  3:56  Overlord  
  43  4:04  Evolution Chamber  
  43  4:05  Drone  
  43  4:14  Spire  
  42  4:28  Zergling x6  
  45  4:35  Spine Crawler  
  45  4:37  Zergling x8, Spine Crawler  
  47  4:39  Zergling x4  
  47  4:40  Zergling x2  
  47  4:41  Zergling x2  
  36  5:29  Mutalisk  
  36  5:30  Mutalisk x2  
  36  5:31  Mutalisk x3  
  36  5:34  Queen  
  50  5:49  Mutalisk  
  50  5:59  Mutalisk x4  
  50  6:00  Mutalisk  
  50  6:03  Overlord  
  60  6:04  Overlord  
Show
View Real Time Build Order
Export as new Build Order

uelee Terran 

Build Orders:  

Get SALT Encoding   

  12  0:02  SCV  
  13  0:14  SCV  
  14  0:25  Supply Depot  
  14  0:26  SCV  
  15  0:47  SCV  
  16  0:50  Barracks  
  16  0:59  SCV  
  17  1:11  SCV  
  18  1:23  SCV  
  19  1:28  Command Center  
  19  1:35  SCV  
  19  1:37  Marine  
  21  1:43  Supply Depot  
  21  1:47  SCV  
  21  1:48  Refinery  
  21  1:51  Refinery  
  22  1:56  Marine  
  23  2:04  SCV  
  23  2:06  Bunker  
  24  2:14  Marine  
  25  2:16  SCV  
  26  2:29  SCV  
  27  2:35  Ghost Academy  
  27  2:41  Supply Depot, SCV  
  27  2:44  Factory  
  28  2:49  SCV  
  29  2:53  SCV  
  30  3:01  SCV  
  30  3:05  SCV  
  32  3:07  Refinery  
  32  3:11  Refinery  
  32  3:13  Barracks Tech Lab  
  32  3:24  SCV x2  
  34  3:28  Factory Tech Lab  
  34  3:31  Ghost  
  36  3:41  Orbital Command  
  36  3:47  Orbital Command  
  36  3:52  Nuke  
  36  4:00  Siege Tank  
  39  4:07  SCV  
  40  4:12  SCV  
  41  4:18  Engineering Bay  
  41  4:19  SCV  
  36  4:32  Siege Tank  
  35  5:37  Marauder  
  20  6:08  Orbital Command  
Show
View Real Time Build Order
Export as new Build Order

Carbon Terran - Winner!

Build Orders: Liberator Opening 

Get SALT Encoding   

  12  0:01  SCV  
  13  0:13  SCV  
  14  0:18  Supply Depot  
  14  0:25  SCV  
  15  0:38  Refinery  
  15  0:39  SCV  
  16  0:45  Barracks  
  16  0:52  SCV  
  17  1:04  SCV  
  18  1:16  SCV  
  19  1:31  Command Center  
  19  1:35  Marine  
  19  1:38  SCV  
  21  1:50  Orbital Command  
  21  1:57  Supply Depot  
  21  2:01  Marine  
  22  2:10  Factory  
  22  2:20  Supply Depot  
  22  2:21  SCV  
  23  2:30  Marine  
  23  2:33  SCV  
  25  2:43  Orbital Command  
  25  2:45  SCV  
  25  2:50  Refinery, Marine  
  27  2:53  Factory Tech Lab  
  27  2:57  SCV  
  28  3:09  Starport, SCV  
  28  3:12  SCV  
  30  3:21  Cyclone, SCV  
  30  3:24  SCV  
  30  3:27  Supply Depot  
  35  3:31  Liberator  
  35  3:32  Marine  
  35  3:33  SCV  
  37  3:36  SCV  
  38  3:45  SCV  
  39  3:49  Marine  
  39  3:50  Supply Depot  
  39  3:54  SCV  
  44  4:02  SCV  
  45  4:03  Refinery  
  45  4:07  Marine  
  45  4:09  Barracks  
  46  4:13  Cyclone  
  49  4:23  Supply Depot  
  49  4:24  SCV x2  
  49  4:25  Marine  
  49  4:29  Supply Depot  
  49  4:30  Barracks  
  52  4:31  Viking  
  52  4:36  SCV  
  55  4:43  Marine  
  56  4:54  SCV x2  
  56  4:56  Siege Tank  
  56  4:57  Marine  
  62  5:01  Marine  
  62  5:06  SCV  
  64  5:15  Marine  
  65  5:27  SCV x2  
  67  5:28  Marine  
  67  5:30  Starport Reactor, Siege Tank, Barracks Reactor  
  68  5:39  SCV  
  68  5:40  SCV  
  67  5:51  SCV  
  67  5:52  SCV  
  67  5:53  Barracks Tech Lab  
  69  6:04  SCV x2  
  69  6:12  Marine x2  
  69  6:13  Marauder, Marine  
  69  6:16  SCV x2  
  80  6:20  Refinery  
  80  6:22  Barracks x2  
  80  6:23  Barracks  
  75  6:28  SCV x2  
Show
View Real Time Build Order
Export as new Build Order

Grumm Zerg - Winner!

Build Orders: Pool First, Roach Nydus 

Get SALT Encoding   

  12  0:02  Drone  
  13  0:13  Drone  
  14  0:27  Overlord  
  14  0:35  Spawning Pool  
  13  0:43  Drone  
  13  0:46  Extractor  
  13  0:47  Drone  
  13  0:48  Drone  
  15  0:58  Extractor  
  15  1:02  Drone  
  15  1:08  Drone  
  16  1:22  Drone  
  17  1:27  Queen  
  19  1:38  Roach Warren  
  19  1:40  Drone  
  19  1:43  Drone  
  20  1:56  Overlord  
  20  2:11  Lair  
  20  2:14  Drone  
  21  2:21  Roach  
  23  2:31  Overlord  
  23  2:33  Drone  
  26  2:44  Roach  
  26  2:46  Roach  
  26  2:51  Roach  
  30  3:10  Nydus Network  
  29  3:15  Drone x3  
  32  3:38  Roach x2  
  36  3:44  Overlord  
  36  3:58  Nydus Canal  
  36  4:02  Overlord  
  36  4:05  Roach  
  36  4:09  Overlord  
  38  4:53  Overlord  
  38  4:58  Hatchery  
  33  5:03  Roach x2  
  27  5:11  Glial Reconstitution  
  27  5:17  Infestation Pit  
  26  5:22  Roach  
  26  5:23  Roach  
  30  5:39  Drone x2  
  30  5:40  Drone x2  
  26  6:02  Drone x2  
Tags
 
Add a new tag
Caveats
  • Supply blocks, unpowered buildings, or Contaminate may cause inaccurate times.
  • Supply counts are checked every 10 seconds.